 Dungeon Crawl Stone Soup version 0.19-a0-1731-g1e0734d (webtiles) character file.

54164 Naow the Severer (level 14, -2/127 HPs)
             Began as a Minotaur Berserker on Sept 30, 2016.
             Was a High Priest of Trog.
             Killed from afar by an orc sorcerer (32 damage)
             ... with a bolt of negative energy
             ... on level 2 of the Orcish Mines.
             The game lasted 01:14:33 (18377 turns).

Naow the Severer (Minotaur Berserker)              Turns: 18377, Time: 01:14:35

Health: -2/127     AC: 25    Str: 20    XL:     14   Next: 33%
Magic:  10/10      EV: 11    Int:  8    God:    Trog [*****.]
Gold:   1070       SH:  0    Dex: 10    Spells: 0 memorised, 13 levels left

rFire  + + +     SeeInvis .     q - +4 battleaxe (antimagic)
rCold  . . .     Gourm    .     W - +3 plate armour of Incorporation {+Fly MP+9 Str-3}
rNeg   . . .     Faith    +     (shield currently unavailable)
rPois  .         Spirit   .     (helmet restricted)
rElec  .         Dismiss  .     z - +0 cloak of Lerghybe {Regen+ rCorr MP+9 Slay+2}
rCorr  +         Reflect  .     (no gloves)
MR     +++..     Harm     .     p - +0 pair of boots
Stlth  ..........               L - amulet "Dorofun" {Faith rF++}
                                S - +3 ring of protection
                                r - ring of protection from fire

@: exhausted, regenerating, slowed, drained, very slow
A: retaliatory headbutt, horns 2
a: Berserk, Trog's Hand, Brothers in Arms, Burn Spellbooks, Renounce Religion,
Evoke Flight


You were on level 2 of the Orcish Mines.
You worshipped Trog.
Trog was extremely pleased with you.
You were near starving.

You visited 3 branches of the dungeon, and saw 18 of its levels.

You collected 1259 gold pieces.
You spent 189 gold pieces at shops.

Inventory:

Hand Weapons
 a - a +0 hand axe of flaming
 q - a +4 antimagic battleaxe (weapon)
Armour
 l - a +2 cloak
 p - a +0 pair of boots (worn)
 v - a +1 buckler of poison resistance
 z - the +0 cloak of Lerghybe (worn) {Regen+ rCorr MP+9 Slay+2}
   (You found it on level 3 of the Lair of Beasts)

   It affects your accuracy and damage with ranged weapons and melee attacks
   (+2).
   It affects your magic capacity (+9).
   It increases your rate of regeneration.
   It protects you from acid and corrosion.
 W - the +3 plate armour of Incorporation (worn) {+Fly MP+9 Str-3}
   (You found it on level 9 of the Dungeon)

   It affects your strength (-3).
   It affects your magic capacity (+9).
   It lets you fly.
Rods
 T - a +0 rod of shadows (9/9)
   (You found it on level 4 of the Lair of Beasts)
Jewellery
 k - a +2 ring of strength {unknown}
 r - a ring of protection from fire (left hand)
 w - an uncursed ring of see invisible
 I - a +4 ring of dexterity
 L - the amulet "Dorofun" (around neck) {Faith rF++}
   (You found it on level 5 of the Dungeon)

   [amulet of faith]

   It allows you to gain divine favour quickly.
   It greatly protects you from fire.
 S - a +3 ring of protection (right hand)
Wands
 g - a wand of flame (35/48)
 s - a wand of hasting (5/9)
Scrolls
 h - 11 scrolls of identify
 t - a scroll of recharging
 u - 6 scrolls of remove curse
 D - 7 scrolls of teleportation
Potions
 b - a potion of haste {unknown}
 d - a potion of cure mutation {unknown}
 e - a potion of ambrosia {unknown}
 f - 3 potions of heal wounds
 j - 4 potions of might
 n - 7 potions of curing
 x - 2 potions of brilliance {unknown}
 E - 4 potions of agility
 F - a potion of berserk rage {unknown}
 G - a potion of resistance {unknown}
 O - a potion of cancellation {unknown}
Books
 y - a book of Necromancy

   Spells                             Type                      Level
   a - Pain                           Necromancy                   1
   b - Animate Skeleton               Necromancy                   1
   c - Vampiric Draining              Necromancy                   3
   d - Regeneration                   Charms/Necromancy            3
   e - Animate Dead                   Necromancy                   4
   f - Control Undead                 Necromancy                   4
   Trog disapproves of the use of such an item.
 A - a book of Misfortune

   Spells                             Type                      Level
   a - Confusing Touch                Hexes                        1
   b - Confuse                        Hexes                        3
   c - Gell's Gravitas                Hexes/Translocation          3
   d - Petrify                        Transmutation/Earth          4
   e - Metabolic Englaciation         Hexes/Ice                    5
   f - Yara's Violent Unravelling     Hexes/Transmutation          5
   Trog disapproves of the use of such an item.
 Y - a book of Necromancy

   Spells                             Type                      Level
   a - Pain                           Necromancy                   1
   b - Animate Skeleton               Necromancy                   1
   c - Vampiric Draining              Necromancy                   3
   d - Regeneration                   Charms/Necromancy            3
   e - Animate Dead                   Necromancy                   4
   f - Control Undead                 Necromancy                   4
   Trog disapproves of the use of such an item.
Comestibles
 c - 9 bread rations
 i - 21 chunks of flesh
 m - a beef jerky
 o - 13 meat rations


   Skills:
 - Level 12.7(11.6) Fighting
 - Level 16.0(14.8) Axes
 - Level 14.6(13.4) Armour
 + Level 14.8(13.7) Dodging


You had 13 spell levels left.
You didn't know any spells.

Dungeon Overview and Level Annotations

Branches:
Dungeon (10/15)            Temple (0/1) D:4            Lair (6/6) D:8
  Swamp (0/4) Lair:3       Spider (0/4) Lair:4        Slime (0/5) Lair:5
    Orc (2/2) D:9             Elf (0/3) Orc:2

Altars:
Ashenzari
Cheibriados
Fedhas
Hepliaklqana
Kikubaaqudgha
Nemelex Xobeh
Qazlal
Trog
Xom
Yredelemnul
Zin
The Shining One
Beogh

Shops:
Orc:2 [


Innate Abilities, Weirdness & Mutations

You reflexively headbutt those who attack you in melee.
You have a pair of horns on your head.


Message History

You hit the orc knight.
Something hits your deep troll but does no damage.
The orc knight hits you with a battleaxe.
* * * LOW HITPOINT WARNING * * *
The orc knight hits your deep troll with a battleaxe!
Your deep troll bites the orc knight!!
Your deep troll barely misses the orc knight.
Your deep troll claws the orc knight!!
The orc sorcerer barely misses you.
The orc priest hits you but does no damage.
Something hits your deep troll! Something freezes your deep troll!
Your deep troll bites the orc knight!!
Your deep troll claws the orc knight!
The orc knight dies!
Trog accepts your kill.
You closely miss the orc priest. You headbutt the orc priest.
You kill the orc priest!
Trog accepts your kill.
You closely miss the orc sorcerer.
The orc sorcerer points at you and mumbles some strange words.
The bolt of negative energy hits you!
You feel drained.
You die...

....oo..# #..........#....
...oo.o.# #.........##.._.
#.....############........###....
......o......#.........#####.....
......o.................##.....##
...........o..>.........#.....##
.........(....##...........#.##
..........(o..###..)..#...####
..........#)..)#@).........##
..............T)o.#)))......#
............##))).#)#(.###.##
............####))..)### ###
.............# ##..).#
.............# #....#
..#.#.......## ##..##
..####.......# #...#
...##.......## ##.##


You could see an orc sorcerer and a friendly deep troll (berserk).

Vanquished Creatures
  The ghost of Cirk the Bludgeoner, a journeyman OgHu of Nemelex Xobeh (D:10)
  Josephine (Orc:2)
  3 hydras
  3 catoblepae (Lair:6)
  The ghost of feamirim the Carver, a novice DgFi (Orc:1)
  An orc high priest (Orc:2)
  16 death yaks
  Nergalle (D:10)
  A hill giant (D:9)
  The ghost of kinazarov the Covert, a novice DEAs of Dithmenos (D:7)
  2 orc knights (Orc:2)
  2 oklob plants (Lair:6)
  An orc sorcerer (Orc:2)
  Pikel (D:8)
  Psyche (D:8)
  4 elephants (Lair:3)
  Joseph (D:9)
  Maurice (D:9)
  A torpor snail (Lair:6)
  2 rime drakes
  11 spiny frogs
  5 komodo dragons
  A troll (D:9)
  Prince Ribbit (D:8)
  13 blink frogs
  4 dream sheep (Lair:6)
  2 jumping spiders (Lair:4)
  Grinder (D:4)
  8 hippogriffs
  4 wraiths (Orc:2)
  Sigmund (D:6)
  32 yaks
  A wyvern (Lair:5)
  A basilisk (Lair:3)
  A hungry ghost (D:7)
  3 vampire mosquitoes (Lair:1)
  Edmund (D:4)
  3 wargs
  Duvessa (D:4)
  17 water moccasins
  7 porcupines
  2 phantoms
  An ice beast (D:8)
  4 sky beasts
  3 black bears (D:9)
  15 orc warriors
  A wasp (D:10)
  6 wolves (Lair:1)
  5 ogres
  5 centaurs
  12 crocodiles
  14 bullfrogs
  3 big kobolds
  A wyvern zombie (D:5)
  A water moccasin zombie (D:7)
  Dowan (D:4)
  3 scorpions
  23 killer bees
  6 howler monkeys
  A vampire bat (D:3)
  3 wights (D:7)
  7 electric eels
  6 crimson imps
  2 jellies
  A quasit (D:10)
  2 centaur skeletons
  5 hounds
  8 orc priests
  6 iguanas
  2 bullfrog skeletons
  Terence (D:2)
  16 orc wizards
  3 worker ants (D:4)
  A killer bee zombie (D:7)
  A worker ant zombie (D:8)
  7 adders
  3 gnolls (D:7)
  53 river rats
  3 shadow imps
  An ooze (D:1)
  An adder zombie (D:6)
  3 adder skeletons
  A worm (D:2)
  8 dart slugs
  5 leopard geckos
  55 orcs
  5 bat skeletons (D:3)
  2 bat zombies (D:3)
  3 giant cockroaches
  6 goblins
  5 hobgoblins
  14 jackals
  A ball python (D:5)
  8 bats
  5 frilled lizards
  2 jackal skeletons
  29 kobolds
  A quokka skeleton (D:6)
  A quokka zombie (D:6)
  6 rats
  3 fungi (Lair:6)
  4 plants
569 creatures vanquished.

Vanquished Creatures (collateral kills)
  A hydra (Lair:3)
  Urug (Lair:3)
  An orc high priest (Orc:2)
  An orc knight (Orc:2)
  2 vampire mosquitoes (Lair:1)
  4 insubstantial wisps (Lair:1)
  A water moccasin (Lair:3)
  4 orc warriors (Orc:2)
  A butterfly (Lair:3)
16 creatures vanquished.

Vanquished Creatures (others)
  A slave (D:8)
  A big kobold (D:8)
  2 adders (D:8)
  2 gnolls (D:7)
  A dart slug (D:7)
  An orc (D:7)
  5 kobolds (D:8)
  7 fungi (Lair:6)
  22 plants
42 creatures vanquished.

Grand Total: 627 creatures vanquished

Notes
Turn   | Place    | Note
-------+----------+-------------------------------------------
     0 | D:1      | Naow the Minotaur Berserker began the quest for the Orb.
     0 | D:1      | Reached XP level 1. HP: 19/19 MP: 0/0
   352 | D:1      | Reached XP level 2. HP: 26/27 MP: 1/1
   356 | D:1      | Reached skill level 4 in Axes
   553 | D:1      | Reached ** piety under Trog
   653 | D:1      | Reached XP level 3. HP: 33/33 MP: 2/2
   915 | D:2      | Noticed Terence
   928 | D:2      | Killed Terence
   928 | D:2      | Reached skill level 5 in Axes
  1163 | D:2      | Reached XP level 4. HP: 38/40 MP: 3/3
  1381 | D:2      | Found a faded altar of an unknown god.
  2024 | D:3      | Reached skill level 6 in Axes
  2082 | D:3      | Found a bloodstained altar of Trog.
  2488 | D:3      | Found a hazy altar of Hepliaklqana.
  2490 | D:3      | Found a shimmering altar of Xom.
  2491 | D:3      | Found a glowing silver altar of Zin.
  2492 | D:3      | Found a shattered altar of Ashenzari.
  2532 | D:3      | Reached XP level 5. HP: 46/46 MP: 4/4
  2542 | D:3      | Reached *** piety under Trog
  2558 | D:3      | Reached skill level 7 in Axes
  2682 | D:3      | Found an ancient bone altar of Kikubaaqudgha.
  2867 | D:4      | Noticed Edmund
  2880 | D:4      | Reached XP level 6. HP: 36/52 MP: 5/5
  2893 | D:4      | Killed Edmund
  2893 | D:4      | Reached skill level 8 in Axes
  2909 | D:4      | Found a staircase to the Ecumenical Temple.
  3131 | D:4      | Noticed Duvessa
  3132 | D:4      | Noticed Dowan
  3146 | D:4      | Reached skill level 9 in Axes
  3149 | D:4      | Killed Duvessa
  3149 | D:4      | Reached XP level 7. HP: 34/58 MP: 6/6
  3151 | D:4      | Killed Dowan
  3405 | D:4      | Found a stormy altar of Qazlal.
  3416 | D:4      | Reached skill level 10 in Axes
  3424 | D:4      | Found a sparkling altar of Nemelex Xobeh.
  3424 | D:4      | Found a snail-covered altar of Cheibriados.
  3429 | D:4      | Found a basalt altar of Yredelemnul.
  3870 | D:4      | Noticed Grinder
  3894 | D:4      | Killed Grinder
  3894 | D:4      | Reached skill level 11 in Axes
  3981 | D:4      | Reached XP level 8. HP: 62/66 MP: 7/7
  4098 | D:5      | Entered Level 5 of the Dungeon
  4328 | D:5      | Found a glowing golden altar of the Shining One.
  4351 | D:5      | Reached **** piety under Trog
  4474 | D:5      | Reached skill level 12 in Axes
  4638 | D:5      | Found a blossoming altar of Fedhas.
  4697 | D:5      | Got a twitching amethyst amulet
  5259 | D:6      | Identified the amulet "Dorofun" {Faith rF++} (You found it on level 5 of the Dungeon)
  5289 | D:6      | Found a shimmering altar of Xom.
  5544 | D:6      | Noticed Sigmund
  5552 | D:6      | Reached skill level 13 in Axes
  5571 | D:6      | Killed Sigmund
  6564 | D:7      | Reached XP level 9. HP: 47/71 MP: 8/8
  6646 | D:7      | Reached skill level 14 in Axes
  6846 | D:7      | Noticed kinazarov's ghost (novice DEAs)
  6859 | D:7      | Killed kinazarov's ghost
  6859 | D:7      | Reached skill level 15 in Axes
  6928 | D:7      | HP: 3/106 [electric eel/bolt of electricity (12)]
  7295 | D:7      | Reached skill level 16 in Axes
  7539 | D:7      | Reached XP level 10. HP: 50/78 MP: 9/9
  7960 | D:8      | Noticed Psyche
  7967 | D:8      | Killed Psyche
  7967 | D:8      | Reached skill level 5 in Armour
  8006 | D:8      | Noticed Pikel
  8013 | D:8      | Killed Pikel
  8043 | D:8      | Noticed Prince Ribbit
  8045 | D:8      | Found a flagged portal.
  8053 | D:8      | Killed Prince Ribbit
  8355 | D:8      | Found a staircase to the Lair.
  8913 | D:9      | Reached skill level 5 in Fighting
  8981 | D:9      | Noticed Joseph
  8989 | D:9      | Killed Joseph
  9271 | D:9      | Got an ichor-stained plate armour
  9282 | D:9      | Identified the +3 plate armour of Incorporation {+Fly MP+9 Str-3} (You found it on level 9 of the Dungeon)
  9535 | D:9      | Reached ***** piety under Trog
  9535 | D:9      | Reached XP level 11. HP: 88/92 MP: 10/10
  9553 | D:9      | Noticed Maurice
  9563 | D:9      | Killed Maurice
  9594 | D:9      | Found a staircase to the Orcish Mines.
  9597 | D:9      | Noticed a hill giant
  9606 | D:9      | Killed a hill giant
  9606 | D:9      | Reached skill level 5 in Dodging
  9858 | D:10     | Entered Level 10 of the Dungeon
  9946 | D:10     | Noticed Cirk's ghost (journeyman OgHu)
  9997 | D:10     | Killed Cirk's ghost
 10246 | D:10     | Reached skill level 10 in Fighting
 10464 | D:10     | Noticed Nergalle
 10476 | D:10     | Killed Nergalle
 10885 | Lair:1   | Entered Level 1 of the Lair of Beasts
 10885 | Lair:1   | Found a labyrinth entrance.
 11139 | Lair:1   | Received a gift from Trog
 11808 | Lair:2   | Reached XP level 12. HP: 78/113 MP: 6/11
 12404 | Lair:2   | Reached skill level 10 in Armour
 12528 | Lair:3   | Received a gift from Trog
 12857 | Lair:3   | Found a staircase to the Swamp.
 12928 | Lair:3   | Noticed Urug
 12928 | Lair:3   | Noticed a seven-headed hydra
 12936 | Lair:3   | Killed a six-headed hydra
 12941 | Lair:3   | Killed Urug
 12993 | Lair:3   | Noticed a four-headed hydra
 13003 | Lair:3   | Killed a one-headed hydra
 13516 | Lair:3   | Noticed a five-headed hydra
 13534 | Lair:3   | Killed a one-headed hydra
 13613 | Lair:3   | Got a steaming cloak
 13624 | Lair:3   | Identified the +0 cloak of Lerghybe {Regen+ rCorr MP+9 Slay+2} (You found it on level 3 of the Lair of Beasts)
 13994 | Lair:4   | Received a gift from Trog
 14015 | Lair:4   | Found a hole to the Spider Nest.
 14122 | Lair:4   | Noticed a death yak
 14128 | Lair:4   | Killed a death yak
 14293 | Lair:4   | Reached XP level 13. HP: 119/119 MP: 10/12
 15280 | Lair:5   | Found a staircase to the Slime Pits.
 15630 | Lair:6   | Entered Level 6 of the Lair of Beasts
 15988 | Lair:1   | Identified a +0 rod of shadows (9/9) (You found it on level 4 of the Lair of Beasts)
 16170 | Lair:6   | Received a gift from Trog
 16265 | Lair:6   | Reached skill level 10 in Dodging
 16940 | Lair:6   | Reached XP level 14. HP: 110/127 MP: 10/13
 17790 | Orc:1    | Entered Level 1 of the Orcish Mines
 17798 | Orc:1    | Noticed feamirim's ghost (novice DgFi)
 17811 | Orc:1    | Killed feamirim's ghost
 17880 | Orc:2    | Entered Level 2 of the Orcish Mines
 17911 | Orc:2    | Found Acoyro's Armour Shoppe.
 17964 | Orc:2    | Bought a +1 buckler of poison resistance for 189 gold pieces
 18017 | Orc:2    | Noticed Josephine
 18036 | Orc:2    | Killed Josephine
 18145 | Orc:2    | Found a staircase to the Elven Halls.
 18198 | Orc:2    | Found a roughly hewn altar of Beogh.
 18292 | Orc:2    | Received a gift from Trog
 18359 | Orc:2    | Received a gift from Trog
 18377 | Orc:2    | Killed from afar by an orc sorcerer

Vault maps used:
D:1:      nicolae_arrival_somewhat_less_tricky_arrival, grunt_decor_one_mirror,
          st_stairs_6
D:2:      ecumenical_altar_2, minmay_misc_feat_square, uniq_terence
D:3:      minitemple, kennysheep_vampire_church, trog_butcher_becter
D:4:      grunt_temple_overflow_open, serial_glass, glass_columns_c,
          glass_columns_a, glass_columns_a, glass_columns_a, glass_columns_c,
          glass_columns_c, uniq_duvessa, uniq_grinder, uniq_edmund
D:5:      fedhas_altar_4, lemuel_doored_altar, first_bread
D:6:      nicolae_ossuary_entry_plus, xom_teletrap_fun, uniq_sigmund
D:7:      kennysheep_slugbush, serial_corexii_hall, corexii_hall_statues_i,
          corexii_hall_statues_l, lemuel_flame_loot_1
D:8:      david_lair_shrubbed, enter_bailey_2, uniq_psyche, uniq_pikel,
          uniq_prince_ribbit1
D:9:      david_orc_1_choice, minmay_misc_feat_iff, uniq_joseph, uniq_maurice
D:10:     grunt_pizzeria, uniq_nergalle
Lair:1:   lab_entry_generic, pond
Lair:2:   nicolae_lair_grove_arrangements
Lair:3:   swamp_mist_pool, infiniplex_staircase_pool, grunt_megastairs_5,
          serial_bayou_shore_b, lemuel_fruit_tree, lemuel_fruit_fields,
          uniq_urug
Lair:4:   spider_nest_entry_a, beast_lair_carwin_1, grunt_megastairs_1
Lair:5:   dpeg_slime_entry_corner, serial_bayou_shore_b
Lair:6:   evilmike_catoblepas_cave, st_stairs_11
Orc:1:    bloody_trog, uniq_erica
Orc:2:    st_orc_congregation, basic_altar, serial_shops, shop, library_closet,
          uniq_josephine

Skill      XL: |  1  2  3  4  5  6  7  8  9 10 11 12 13 14 |
---------------+-------------------------------------------+-----
Axes           | 4 5 6 7 9 11 13 16 | 16.0
Armour         | 4 8 14 | 14.6
Fighting       | 7 12 | 12.7
Dodging        | 4 6 13 14 | 14.8

Action                   |  1- 3 |  4- 6 |  7- 9 | 10-12 | 13-15 || total
-------------------------+-------+-------+-------+-------+-------++-------
Melee: Hand axe          |    80 |   172 |   347 |   446 |     6 ||  1051
       Headbutt          |    15 |    30 |    61 |   126 |   109 ||   341
       Battleaxe         |       |       |       |   268 |   429 ||   697
Invok: Trog's Hand       |       |     2 |    13 |    10 |    13 ||    38
       Berserk           |       |     1 |     5 |     2 |     3 ||    11
       Brothers in Arms  |       |       |       |     2 |     4 ||     6
  Use: Scroll            |       |       |    11 |     3 |     7 ||    21
       Potion            |       |       |     1 |     1 |       ||     2
 Stab: Petrified         |       |       |       |       |     5 ||     5
       Petrifying        |       |       |       |       |     2 ||     2
  Eat: Chunk             |     1 |     6 |    22 |    28 |    22 ||    79
       Bread ration      |       |       |     1 |       |       ||     1
Armor: Animal skin       |    13 |       |       |       |       ||    13
       Chain mail        |    24 |    88 |    38 |       |       ||   150
       Ring mail         |       |       |    74 |    41 |       ||   115
       Plate armour      |       |       |       |   431 |   281 ||   712
Dodge: Dodged            |    46 |    74 |   119 |   274 |   197 ||   710
